 Dungeon Sprint DCSS version 0.17-a0-1853-ge1bd2c8 (webtiles) character file.

959 BluebellGnoll the Fighter (level 8, -2/83 HPs)
             Began as a Ghoul Monk on Sept 20, 2015.
             Was a Believer of Yredelemnul.
             Slain by a wyvern (15 damage)
             ... in the Dungeon (Sprint IX: "|||||||||||||||||||||||||||||").
             The game lasted 00:03:06 (236 turns).

BluebellGnoll the Fighter (Ghoul Monk)               Turns: 236, Time: 00:03:06

Health: -2/83      AC: 12    Str: 20    XL:     8   Next: 14%
Magic:  7/7        EV: 11    Int:  5    God:    Yredelemnul [**....]
Gold:   0          SH:  0    Dex: 11    Spells: 0 memorised, 7 levels left

rFire  . . .     SeeInvis .       - Unarmed
rCold  + . .     Clarity  .     l - +2 ring mail
rNeg   + + +     SustAt   .     (no shield)
rPois  ∞         Gourm    .     k - +0 helmet
rElec  .         Spirit   .     (no cloak)
rCorr  .         Warding  .     (no gloves)
rMut   .         NoTele   +     (no boots)
MR     .....                    (no amulet)
Stlth  +.........               n - +2 ring of protection
                                m - +3 ring of strength

@: rotting, not resistant to hostile enchantments, very unstealthy
A: rotting body, claws 1, carnivore 3, cold resistance 1, negative energy
resistance 3, slow healing 1, torment resistance, unbreathing
a: Animate Remains, Recall Undead Slaves, Injury Mirror, Renounce Religion


You were in the Dungeon.
You worshipped Yredelemnul.
Yredelemnul was pleased with you.
You were not hungry.

You visited 1 branch

Inventory:

Armour
 a - a +0 robe
 k - a +0 helmet (worn)
 l - a +2 ring mail (worn)
Jewellery
 m - a +3 ring of strength (left claw)
 n - a +2 ring of protection (right claw)
Magical devices
 j - a wand of cold (7)
Scrolls
 g - 3 scrolls of remove curse
 h - 2 scrolls of blinking
 i - 2 scrolls of amnesia
Potions
 c - 5 potions of curing
 d - 3 potions of heal wounds
 e - a potion of invisibility
 f - 4 potions of magic
Comestibles
 b - a meat ration
 o - 4 chunks of flesh


   Skills:
 + Level 12.1 Fighting
 * Level 9.9 Armour
 - Level 2.6 Dodging
 - Level 2.1 Stealth
 - Level 9.9 Unarmed Combat


You had 7 spell levels left.
You didn't know any spells.

Dungeon Overview and Level Annotations

Branches:
Dungeon (1/1)

Altars:
Cheibriados
Dithmenos
Elyvilon
Fedhas
Gozag
Kikubaaqudgha
Makhleb
Nemelex Xobeh
Okawaru
Qazlal
Ru
Sif Muna
Trog
Vehumet
Xom
Yredelemnul
Zin
The Shining One
Beogh
Jiyva
Lugonu


Innate Abilities, Weirdness & Mutations

Your body is rotting away.
You thrive on raw meat.
You are immune to poison.
You have sharp fingernails.
You are carnivorous and can eat meat at any time.
Your flesh is cold resistant.
You are immune to negative energy.
You heal slowly when monsters are visible.
You are immune to unholy pain and torment.
You can survive without breathing.


Message History

The jelly is heavily wounded.
The jelly hits you but does no damage.
You mangle the jelly!!
You kill the jelly!
Yredelemnul accepts your kill.
You claw the wyvern! x2
The wyvern is severely wounded.
The wyvern barely misses you.
You scratch the wyvern but do no damage.
The wyvern is severely wounded.
The wyvern bites you.
You scratch the wyvern but do no damage.
The wyvern is severely wounded.
The wyvern bites you!
* * * LOW HITPOINT WARNING * * *
You scratch the wyvern.
The wyvern is almost dead.
The wyvern barely misses you. The wyvern bites you!
You die...
Yredelemnul claims you as an undead slave.

▓(▓
▓'▓
▓.▓
▓(▓
▓.▓
▓.▓
▓Z▓
▓Z▓
▓@▓
▓l▓
▓o▓
▓O▓
▓.▓
▓.▓
▓.▓
▓+▓


You could see a two-headed ogre, a wyvern, an orc, a friendly big kobold zombie
and a friendly orc zombie.

Vanquished Creatures
  A griffon (D)
  A vampire mosquito (D)
  A centaur (D)
  A big kobold (D)
  A giant frog (D)
  A jelly (D)
  2 crimson imps (D)
  An orc priest (D)
  An iguana (D)
  A worker ant (D)
  A shadow imp (D)
  An orc (D)
  A quokka (D)
  A bat (D)
  2 goblins (D)
  A kobold (D)
  A rat (D)
19 creatures vanquished.

Notes
Turn   | Place    | Note
--------------------------------------------------------------
     0 | D        | BluebellGnoll the Ghoul Monk began the quest for the Orb.
     0 | D        | Reached XP level 1. HP: 19/19 MP: 0/0
    10 | D        | Reached skill level 5 in Unarmed Combat
    30 | D        | Noticed a crimson imp
    30 | D        | Noticed an iguana
    33 | D        | Reached skill level 6 in Unarmed Combat
    33 | D        | Reached XP level 2. HP: 25/25 MP: 1/1
    44 | D        | Killed an iguana
    44 | D        | Reached skill level 8 in Unarmed Combat
    44 | D        | Reached XP level 3. HP: 6/30 MP: 2/2
    73 | D        | Killed a crimson imp
    73 | D        | Reached skill level 9 in Unarmed Combat
    73 | D        | Reached XP level 4. HP: 12/38 MP: 3/3
    93 | D        | Found a glowing silver altar of Zin.
    93 | D        | Found a glowing golden altar of the Shining One.
    93 | D        | Found an ancient bone altar of Kikubaaqudgha.
    93 | D        | Found a basalt altar of Yredelemnul.
    93 | D        | Found a shimmering altar of Xom.
    93 | D        | Found a radiant altar of Vehumet.
    94 | D        | Found an iron altar of Okawaru.
    95 | D        | Found a burning altar of Makhleb.
    96 | D        | Found a deep blue altar of Sif Muna.
    97 | D        | Found a bloodstained altar of Trog.
    98 | D        | Found a sparkling altar of Nemelex Xobeh.
    99 | D        | Became a worshipper of Yredelemnul the Dark
    99 | D        | Acquired Yredelemnul's first power
    99 | D        | Acquired Yredelemnul's second power
   100 | D        | Found a white marble altar of Elyvilon.
   101 | D        | Found a roughly hewn altar of Beogh.
   102 | D        | Found a viscous altar of Jiyva.
   103 | D        | Found a corrupted altar of Lugonu.
   104 | D        | Found a blossoming altar of Fedhas.
   105 | D        | Found a snail-covered altar of Cheibriados.
   106 | D        | Found a shadowy altar of Dithmenos.
   107 | D        | Found a stormy altar of Qazlal.
   108 | D        | Found an opulent altar of Gozag.
   109 | D        | Found a sacrificial altar of Ru.
   157 | D        | Noticed a centaur
   157 | D        | Noticed an orc priest
   157 | D        | Noticed a crimson imp
   157 | D        | Noticed a giant frog
   157 | D        | Noticed a big kobold
   157 | D        | Noticed a worker ant
   159 | D        | Killed a centaur
   159 | D        | Reached skill level 5 in Fighting
   159 | D        | Reached XP level 5. HP: 42/50 MP: 4/4
   160 | D        | Killed an orc priest
   162 | D        | Killed a crimson imp
   162 | D        | Reached skill level 5 in Armour
   164 | D        | Killed a giant frog
   164 | D        | Reached XP level 6. HP: 46/61 MP: 5/5
   169 | D        | Killed a big kobold
   173 | D        | Killed a worker ant
   173 | D        | Acquired Yredelemnul's third power
   212 | D        | Noticed a vampire mosquito
   212 | D        | Noticed a jelly
   212 | D        | Noticed a griffon
   212 | D        | Noticed a wyvern
   212 | D        | Noticed a two-headed ogre
   227 | D        | Killed a griffon
   227 | D        | Reached skill level 11 in Fighting
   227 | D        | Reached XP level 7. HP: 30/74 MP: 6/6
   229 | D        | Killed a vampire mosquito
   229 | D        | Reached skill level 12 in Fighting
   229 | D        | Reached XP level 8. HP: 30/83 MP: 7/7
   232 | D        | Killed a jelly
   236 | D        | Slain by a wyvern

Vault maps used:
D:        linesprint

Action                   |  1- 3 |  4- 6 |  7- 9 || total
-------------------------+-------+-------+-------++-------
Melee: Unarmed           |    35 |    28 |     7 ||    70
Invok: Injury Mirror     |       |     2 |       ||     2
       Animate Dead      |       |     1 |       ||     1
  Use: Potion            |     1 |       |       ||     1
  Eat: Chunk             |     2 |     5 |       ||     7
